 Dungeon Crawl Stone Soup version 0.27-a0-887-gcab673c142 (webtiles) character file.

Game seed: 3921263315401027539

2083 shoop the Conjurer (level 8, -1/66 HPs)
             Began as a Demigod Hedge Wizard on Apr 3, 2021.
             Slain by an orc warrior
             ... wielding a +0 flail
              (11 damage)
             ... on level 8 of the Dungeon on Apr 4, 2021.
             The game lasted 00:27:19 (10600 turns).

shoop the Conjurer (Demigod Hedge Wizard)          Turns: 10600, Time: 00:27:20

Health: -1/66      AC: 10    Str: 15    XL:     8   Next: 78%
Magic:  13/17      EV: 11    Int: 20    God:
Gold:   332        SH:  0    Dex: 13    Spells: 0/15 levels left

rFire    . . .     SeeInvis +   I - +2 whip (venom)
rCold    . . .     Faith    .   (no shield)
rNeg     . . .     Spirit   .   z - +2 swamp dragon scales
rPois    +         Reflect  .   c - +1 hat
rElec    .         Harm     .   (no cloak)
rCorr    .         Rampage  .   (no gloves)
Will     +....                  (no boots)
Stlth    +.........             (no amulet)
HPRegen  0.21/turn              j - ring of see invisible
MPRegen  0.15/turn              u - ring of willpower

@: no status effects
A: high mp 1, forlorn
a: no special abilities


You were on level 8 of the Dungeon.
You visited 1 branch of the dungeon, and saw 8 of its levels.
You also visited: Sewer.

You collected 332 gold pieces.

Inventory:

Hand Weapons
 a - the +8 dagger of Kaejosh {pain, rElec rF- Int+4}
   (You found it on level 7 of the Dungeon)

   In the hands of one skilled in necromantic magic, it inflicts extra damage on
   living creatures.
   It affects your intelligence (+4).
   It makes you vulnerable to fire.
   It insulates you from electricity.
 b - a +5 morningstar
 e - a +0 trident
 g - a +0 short sword of venom
 l - a +0 dagger
 F - a +1 whip of distortion
 G - a +1 broad axe of flaming
 I - a +2 whip of venom (weapon)
Missiles
 x - 7 silver javelins
Armour
 c - a +1 hat (worn)
 d - a +0 leather armour
 v - a +0 robe
 y - a +2 scale mail of poison resistance
 z - +2 swamp dragon scales (worn)
 J - a +0 kite shield
Jewellery
 j - a ring of see invisible (left hand)
 u - a ring of willpower (right hand)
Wands
 n - a wand of acid (3)
 H - a wand of flame (45)
Scrolls
 f - a scroll of fog {unknown}
 h - a scroll of immolation {unknown}
 i - 3 scrolls of noise
 k - 4 scrolls of enchant armour
 p - 2 scrolls of teleportation {unknown}
 q - 2 scrolls of magic mapping {unknown}
 r - a scroll of enchant weapon {unknown}
 B - a scroll of blinking
 D - a scroll of holy word
 K - a scroll of brand weapon {unknown}
 L - a scroll of acquirement {unknown}
Potions
 m - 6 potions of curing {unknown}
 o - 2 potions of brilliance
 s - 2 potions of degeneration
 t - 5 potions of might {unknown}
 w - a potion of haste
 A - a potion of heal wounds {unknown}
 C - 3 potions of flight {unknown}
 E - a potion of lignification {unknown}


   Skills:
 - Level 3.7 Fighting
 - Level 3.0 Armour
 - Level 2.0 Dodging
 - Level 2.0 Stealth
 - Level 4.0 Spellcasting
 - Level 5.0 Conjurations
 - Level 0.8 Summonings
 - Level 2.0 Translocations
 * Level 2.1 Transmutations
 - Level 4.0 Air Magic
 + Level 1.3 Earth Magic
 - Level 4.0 Poison Magic
 - Level 2.0 Evocations


You couldn't memorise any spells.
You knew the following spells:

 Your Spells              Type           Power      Damage    Failure   Level
a - Magic Dart            Conj           96%        1d7       3%          1
b - Blink                 Tloc           N/A        N/A       16%         2
c - Mephitic Cloud        Conj/Pois/Air  21%        N/A       13%         3
d - Petrify               Tmut/Erth      11%        N/A       75%         4
y - Yara's Violent Unrav  Hex/Tmut       4%         3d4       99%         5

Your spell library contained the following spells:

 Spells                   Type           Power      Damage    Failure   Level
 Searing Ray              Conj           48%        3d5       4%          2
 Animate Skeleton         Necr           8%         N/A       24%         1
 Corona                   Hex            4%         N/A       24%         1
 Pain                     Necr           16%        1d4       24%         1
 Call Imp                 Summ           7%         N/A       26%         2
 Conjure Flame            Conj/Fire      14%        6-21      26%         3
 Dazzling Flash           Conj/Hex       28%        N/A       26%         3
 Gell's Gravitas          Tloc           6%         N/A       32%         3
 Ensorcelled Hibernation  Hex/Ice        8%         N/A       36%         2
 Slow                     Hex            4%         N/A       36%         2
 Iskenderun's Mystic Bla  Conj/Tloc      18%        2d6       50%         4
 Confusing Touch          Hex            4%         N/A       58%         3
 Tukima's Dance           Hex            4%         N/A       58%         3
 Vampiric Draining        Necr           2%         2d6       58%         3
 Fulminant Prism          Conj/Hex       7%         3d7       65%         4
 Animate Dead             Necr           2%         N/A       94%         4
 Agony                    Necr           4%         N/A       100%        5
 Metabolic Englaciation   Hex/Ice        2%         N/A       100%        5


Dungeon Overview and Level Annotations

Branches:
Dungeon (8/15)             Temple (0/1) D:7           Sewer (visited)
   Lair: D:8-11

Annotations:
D:6 Prince Ribbit
D:7 1 runed translucent door, exclusion: necrophage, bilbop's ghost, novice HuNe


Innate Abilities, Weirdness & Mutations

Your attributes grow dramatically as you level up.
You have an increased reservoir of magic. (+10% MP)
You shall have no god before yourself.


Message History

The orc warrior hits you with a +0 flail!
You hit the orc warrior.
The orc warrior is moderately wounded.
The orc warrior hits you with a +0 flail!
Your +2 whip of venom begins to drip with poison!
I - a +2 whip of venom (weapon)
The orc warrior hits you with a +0 flail.
You hit the orc warrior.
The orc warrior is poisoned.
The orc warrior is heavily wounded.
A bullfrog comes into view.
The orc warrior hits you with a +0 flail!
* * * LOW HITPOINT WARNING * * *
The orc wizard gestures at itself while chanting.
The orc wizard flickers and vanishes for a moment.
You barely miss the orc warrior.
The orc warrior is heavily wounded.
The orc warrior closely misses you.
You hit the orc warrior but do no damage.
The orc warrior looks even sicker.
The orc warrior is heavily wounded.
The orc warrior hits you with a +0 flail!
* * * LOW HITPOINT WARNING * * *
You see here a +0 mace.
Casting: Magic Dart (safe; 3% risk of failure)
Confirm with . or Enter, or press ? or * to list all spells.
Aiming: Mephitic Cloud (dangerous; 13% risk of failure)
Press: ? - help, Shift-Dir - straight line, f/p - orc warrior
Aim: an orc warrior, wielding a +0 flail and wearing a +0 chain mail (heavily wounded, very poisoned, chance to affect: 81%)
The ball explodes into a vile cloud!
The stinking cloud engulfs the orc warrior but does no damage.
The orc warrior is heavily wounded.
The stinking cloud engulfs the bullfrog but does no damage.
The stinking cloud engulfs you but does no damage.
The bullfrog is engulfed in noxious fumes.
The bullfrog appears confused.
The bullfrog hits the orc warrior but does no damage.
The orc warrior is engulfed in noxious fumes.
The orc warrior appears confused.
The orc warrior hits you with a +0 flail!
You die...

#..# ##### ###.##
######
.....##.o.######.....#
#......oF..o......#
#######).######o#.....
........### #.# ...
..........# #F# #
.########.# #o# #.#
#.#####@### ..
#..##.....# #
##..#.....# #
##.......# ##
#####.....# .#
####.........# .####
#....###.....#
....###.#### #.....#
###.....# ###.###


You could see an orc warrior (confused, very poisoned), a bullfrog (confused),
an orc wizard (invisible) and an orc.

Vanquished Creatures
  Maggie (D:6)
  A steam dragon (D:6)
  An ice beast (D:6)
  A black bear (D:6)
  2 necrophages (D:7)
  2 sky beasts (D:6)
  An ogre (D:4)
  2 kobold brigands
  2 wyvern zombies (D:7)
  2 scorpions
  A water moccasin zombie (D:5)
  3 wights (D:7)
  2 centaur skeletons (D:6)
  A centaur zombie (D:6)
  A jelly (D:5)
  An iguana (D:4)
  A killer bee zombie (D:7)
  A mummy (D:7)
  A hound skeleton (D:5)
  4 howler monkey zombies
  6 adders
  7 river rats
  3 shadow imps
  A white imp (D:7)
  An ufetubus (D:6)
  An adder skeleton (D:4)
  A worm (D:3)
  2 dart slugs
  9 orcs
  9 endoplasms
  3 giant cockroaches
  9 goblins
  8 hobgoblins
  7 jackals (D:3)
  4 quokkas
  12 ball pythons
  4 bats
  4 frilled lizards
  26 kobolds
  29 rats
177 creatures vanquished.

Notes
Turn   | Place    | Note
-------+----------+-------------------------------------------
     0 | D:1      | shoop the Demigod Hedge Wizard began the quest for the Orb.
     0 | D:1      | Reached XP level 1. HP: 14/14 MP: 6/6
   224 | D:1      | Reached skill level 1 in Conjurations
   426 | D:1      | Reached XP level 2. HP: 20/20 MP: 5/8
   788 | D:1      | Reached skill level 1 in Armour
  1645 | D:2      | Reached XP level 3. HP: 26/26 MP: 8/10
  1758 | D:2      | Reached skill level 2 in Conjurations
  3247 | D:3      | Reached skill level 1 in Evocations
  3247 | D:3      | Reached XP level 4. HP: 25/33 MP: 8/11
  3684 | D:4      | Reached skill level 3 in Conjurations
  3687 | D:4      | Learned a level 2 spell: Blink
  3784 | D:4      | Learned a level 3 spell: Mephitic Cloud
  3786 | D:4      | Reached skill level 1 in Translocations
  3918 | D:4      | Noticed an ogre
  4209 | D:4      | Noticed an ogre
  4228 | D:4      | Killed an ogre
  4229 | D:4      | Reached skill level 1 in Air Magic
  4229 | D:4      | Reached XP level 5. HP: 19/38 MP: 8/12
  4563 | D:4      | Reached skill level 1 in Poison Magic
  5016 | D:5      | Entered Level 5 of the Dungeon
  5196 | D:5      | Reached XP level 6. HP: 36/45 MP: 14/14
  6160 | D:6      | Reached skill level 1 in Fighting
  6396 | D:6      | Noticed Prince Ribbit
  6493 | D:6      | Noticed Maggie
  6510 | D:6      | Killed Maggie
  6511 | D:6      | Reached XP level 7. HP: 23/55 MP: 15/15
  6675 | D:6      | Found a glowing drain.
  6693 | Sewer    | Entered a sewer
  6845 | Sewer    | Reached skill level 4 in Conjurations
  7463 | D:6      | Noticed a steam dragon
  7845 | D:6      | Killed a steam dragon
  7846 | D:6      | Reached XP level 8. HP: 59/61 MP: 15/17
  8745 | D:6      | Reached skill level 5 in Conjurations
  9012 | D:7      | Learned a level 4 spell: Petrify
  9018 | D:7      | Learned a level 5 spell: Yara's Violent Unravelling
  9805 | D:7      | Identified the +8 dagger of Kaejosh {pain, rElec rF- Int+4}
  9851 | D:7      | Found a runed translucent door.
  9852 | D:7      | Noticed bilbop's ghost (novice HuNe)
  9942 | D:7      | Reached skill level 1 in Transmutations
  9942 | D:7      | Reached skill level 1 in Earth Magic
 10065 | D:7      | Found a staircase to the Ecumenical Temple.
 10600 | D:8      | Slain by an orc warrior

Illustrated notes

Levels and vault maps discovered:
D:1:      nicolae_arrival_somewhat_less_tricky_arrival, layout_loops_ring
D:2:      layout_rooms
D:3:      layout_basic, fedhas_altar_2, basic_ecumenical_altar
D:4:      layout_basic, worldfamousw_hep_ancestral_shrine
D:5:      layout_rooms, general_overflow_altar, overflow_temple_1_default,
          minmay_crystal_room, minivault_26, minivault_14
D:6:      layout_loops_corners, gup_sewer_entry_bowl, uniq_maggie,
          uniq_prince_ribbit1
D:7:      layout_cave_pools, minmay_temple_entry_hall, serial_undead,
          serial_undead_d, serial_undead_d, serial_undead_d, serial_undead_a,
          ebering_ghost_reflecting_pool
D:8:      layout_rooms, grunt_ministairs_6, minmay_mini_ossuary

Skill      XL: |  1  2  3  4  5  6  7  8 |
---------------+-------------------------+-----
Conjurations   | 1 2 3 4 5 |  5.0
Stealth        | 2 |  2.0
Dodging        | 2 |  2.0
Armour         | 1 3 |  3.0
Spellcasting   | 3 4 |  4.0
Evocations     | 1 2 |  2.0
Translocations | 1 2 |  2.0
Air Magic      | 1 2 3 4 |  4.0
Poison Magic   | 1 2 3 4 |  4.0
Fighting       | 2 3 |  3.7
Transmutations | 2 |  2.1
Earth Magic    | 1 |  1.3
Summonings     | |  0.8

Action                   |  1- 3 |  4- 6 |  7- 9 || total
-------------------------+-------+-------+-------++-------
Melee: Trident           |    18 |       |       ||    18
       Short sword       |    20 |       |       ||    20
       Whip              |    40 |    81 |   181 ||   302
       Broad axe         |       |       |    39 ||    39
       Dagger            |       |       |    18 ||    18
       Morningstar       |       |       |     9 ||     9
 Cast: Magic Dart        |   114 |    54 |    50 ||   218
       Mephitic Cloud    |       |       |    12 ||    12
Evoke: Wand              |       |     4 |     1 ||     5
  Use: Scroll            |       |     4 |     3 ||     7
 Stab: Sleeping          |     1 |       |       ||     1
Armor: Leather armour    |    13 |    16 |       ||    29
       Swamp dragon scal |       |       |   127 ||   127
Dodge: Dodged            |    42 |    49 |   182 ||   273

Table legend: (Time is in decaauts)
 A = Elapsed time spent in this place.
 B = Non-inter-level travel time spent in this place.
 C = Inter-level travel time spent in this place.
 D = Time resting spent in this place.
 E = Time spent auto-exploring this place.
 F = Levels seen in this place.
 G = Mean time per level.
                   A        B        C        D        E       F      G
               +--------+--------+--------+--------+--------+-----+--------+
         Total |  10675 |  10414 |    261 |   1020 |   7799 |   9 | 1186.1 |
       Dungeon |   9946 |   9685 |    261 |   1020 |   7284 |   8 | 1243.2 |
         Sewer |    729 |    729 |      0 |      0 |    515 |   1 |  729.0 |
               +--------+--------+--------+--------+--------+-----+--------+

Top non-repeatable levels by time:
     D:6: 2063 daAuts
     D:1: 1607 daAuts
     D:3: 1544 daAuts
     D:7: 1527 daAuts
     D:4: 1366 daAuts
     D:5: 980 daAuts
   Sewer: 729 daAuts
     D:2: 641 daAuts
     D:8: 215 daAuts
